[Event "Clichy 92 IM 2022"]
[Site "Clichy"]
[Date "2022.02.21"]
[Round "3.1"]
[White "Benmesbah, Natacha"]
[Black "Degardin, Sylvain"]
[Result "1-0"]
[ECO "C77"]
[WhiteElo "2224"]
[BlackElo "2291"]
[Annotator "NA"]
[PlyCount "59"]
[EventDate "2022.02.20"]
[EventType "tourn"]
[EventCountry "FRA"]
[SourceTitle "playchess.com"]
[Source "ChessBase"]
[SourceQuality "1"]
[TimeControl "40/5400+30:1800+30"]

1. e4 e5 2. Nf3 Nc6 3. Bb5 a6 4. Ba4 Nf6 5. d3 d6 6. a3 g6 (6... b5 $5 7. Bb3 Be6 $11) 7. Nc3 Bg7 8. h3 O-O 9. Bg5 h6 10. Be3 Kh7 11. O-O Bd7 12. Bb3 Qe8 13. Re1 Nh5 14. Nd5 Rc8 $1 15. d4 b6 16. g4 f5 17. exf5 $18 ({Much less strong is} 17. gxh5 $6 fxe4 18. Nh4 g5 $16) 17... e4 18. Nh4 gxf5 19. gxh5 f4 20. Nxf4 Nxd4 21. Bxd4 Rxf4 22. Ng6 Rf5 23. Bxg7 Kxg7 24. Qd4+ Kh7 25. Rxe4 Rg5+ 26. Kh2 Rxh5 27. Rxe8 Rxh3+ 28. Kg2 Rxe8 29. Nf4 Rh4 30. Qd3+ 1-0

[Event "Clichy 92 IM 2022"]
[Site "Clichy"]
[Date "2022.02.21"]
[Round "3.2"]
[White "Valles Moreno, Ivan"]
[Black "Decuigniere, Tom"]
[Result "1/2-1/2"]
[ECO "B36"]
[WhiteElo "2401"]
[BlackElo "2292"]
[Annotator "NA"]
[PlyCount "62"]
[EventDate "2022.02.20"]
[EventType "tourn"]
[EventCountry "FRA"]
[SourceTitle "playchess.com"]
[Source "ChessBase"]
[SourceQuality "1"]
[TimeControl "40/5400+30:1800+30"]

1. Nf3 c5 2. c4 g6 3. d4 cxd4 4. Nxd4 Nc6 5. e4 Nf6 6. Nc3 d6 7. Be2 Nxd4 8. Qxd4 Bg7 9. Be3 O-O 10. Qd2 a5 11. O-O a4 12. Rad1 Qa5 13. Bd4 Bd7 14. Qe3 Ng4 15. Qg3 (15. Bxg4 $14 {feels stronger.} Bxg4 16. Bxg7 Kxg7 17. Rd4) 15... Bxd4 16. Rxd4 Nf6 17. Rfd1 Bc6 18. a3 Nd7 19. Nd5 Bxd5 20. exd5 Qb6 21. Qc3 Qc5 22. Qh3 Rfd8 23. Qe3 Re8 24. h4 Nf6 $14 25. Bf3 h5 26. Qg5 Kg7 27. Rf4 b5 28. Re1 Nh7 29. Qg3 Nf6 30. Qg5 Nh7 31. Qg3 Nf6 1/2-1/2

[Event "Clichy 92 IM 2022"]
[Site "Clichy"]
[Date "2022.02.21"]
[Round "3.4"]
[White "Mekhane, Adam"]
[Black "Onkoud, Abdelaziz"]
[Result "1-0"]
[ECO "B06"]
[WhiteElo "2318"]
[BlackElo "2317"]
[Annotator "NA"]
[PlyCount "83"]
[EventDate "2022.02.20"]
[EventType "tourn"]
[EventCountry "FRA"]
[SourceTitle "playchess.com"]
[Source "ChessBase"]
[SourceQuality "1"]
[TimeControl "40/5400+30:1800+30"]

1. e4 d6 2. d4 g6 3. Nc3 Bg7 4. Nf3 a6 5. a4 Bg4 6. Be2 Nc6 7. Be3 Nf6 8. d5 Nb8 9. Qd2 Nbd7 10. O-O O-O 11. Bh6 Bxf3 12. Bxf3 e5 13. a5 Ne8 14. Bxg7 Nxg7 15. Be2 f5 16. f4 (16. exf5 $14 Nxf5 17. Bg4) 16... exf4 $11 17. Rxf4 g5 18. Rf2 f4 19. g3 fxg3 20. Rxf8+ Qxf8 21. hxg3 Qe7 22. Rf1 Ne5 23. Kg2 Rf8 24. Rxf8+ Kxf8 25. Qe3 h5 26. Qa7 h4 27. Qxb7 hxg3 28. Qxa6 Ng6 29. Qc8+ Kf7 30. Qg4 Nf4+ 31. Kxg3 Qf6 32. a6 Qd4 33. Kf3 Ng6 34. Qxg5 Ne8 35. Bd3 Nf6 36. Qe3 Qe5 37. Ke2 Qh5+ 38. Kd2 Qh1 39. Be2 Qa1 40. a7 Ne5 41. Qd4 Nfg4 42. Na4 1-0

[Event "Clichy 92 IM 2022"]
[Site "Clichy"]
[Date "2022.02.22"]
[Round "4.1"]
[White "Onkoud, Abdelaziz"]
[Black "Benmesbah, Natacha"]
[Result "0-1"]
[ECO "A04"]
[WhiteElo "2317"]
[BlackElo "2224"]
[Annotator "NA"]
[PlyCount "90"]
[EventDate "2022.02.20"]
[EventType "tourn"]
[EventCountry "FRA"]
[SourceTitle "playchess.com"]
[Source "ChessBase"]
[SourceQuality "1"]
[TimeControl "40/5400+30:1800+30"]

1. Nf3 c5 2. b3 Nc6 3. Bb2 d6 4. e3 e5 5. d3 Be7 6. c4 f5 7. Nc3 Nf6 8. a3 O-O 9. Qc2 Kh8 10. Be2 Qe8 11. O-O-O a6 12. h3 (12. d4 $15) 12... b5 13. Nd5 Nxd5 14. cxd5 Na5 15. Nd2 Bb7 16. Bf3 Rc8 17. Kb1 Qf7 18. g4 Bxd5 19. Bxd5 Qxd5 20. gxf5 Qf7 21. Qc3 $19 (21. Rdf1 $17) 21... Nc6 22. Rdg1 d5 23. Rg2 d4 24. Qc2 Na5 25. Rhg1 Bf6 26. Rc1 Rc7 27. b4 Nb7 28. Qb3 Qd7 29. e4 Rfc8 30. Rgg1 a5 31. Rc2 h6 32. f4 exf4 33. Rgc1 axb4 34. axb4 c4 35. dxc4 d3 36. Rc3 Bxc3 37. Qxc3 bxc4 38. f6 Nd6 39. Rg1 Nb5 40. fxg7+ Kg8 41. Qf6 Qd6 42. Qf5 c3 43. e5 cxb2 44. exd6 Rc1+ 45. Kxb2 R1c2+ 0-1

[Event "Clichy 92 IM 2022"]
[Site "Clichy"]
[Date "2022.02.22"]
[Round "4.2"]
[White "Sorbe, Stephane"]
[Black "Mekhane, Adam"]
[Result "1/2-1/2"]
[ECO "A46"]
[WhiteElo "2324"]
[BlackElo "2318"]
[Annotator "NA"]
[PlyCount "103"]
[EventDate "2022.02.20"]
[EventType "tourn"]
[EventCountry "FRA"]
[SourceTitle "playchess.com"]
[Source "ChessBase"]
[SourceQuality "1"]
[TimeControl "40/5400+30:1800+30"]

1. d4 Nf6 2. Nf3 e6 3. Bg5 h6 4. Bh4 c5 5. e3 cxd4 6. exd4 Qb6 7. Qc1 g5 8. Bg3 Nc6 9. c3 Nh5 10. Nbd2 d5 11. Be2 Nxg3 12. hxg3 Bg7 13. Nb3 Qc7 14. Qe3 b6 15. Nc1 Bb7 16. Nd3 O-O-O 17. O-O Kb8 18. Rfd1 (18. Rfe1 $11) 18... f6 $1 19. Nb4 Nxb4 20. cxb4 e5 21. a4 e4 22. Nh2 f5 23. a5 Rhf8 24. Rdc1 $17 Qd6 25. axb6 Qxb6 26. Rc5 f4 27. Qc3 Rf7 28. Nf1 Rdf8 29. Bh5 Re7 30. b5 Rc7 31. b4 Rxc5 32. bxc5 Qxb5 33. Nd2 Rc8 34. Rb1 Qa4 35. Rb4 Qa6 36. Bf7 Ka8 37. Qb3 Rd8 38. Nb1 fxg3 39. Qxg3 Qa5 40. Qb3 Qc7 41. Bh5 Bc6 42. Nc3 Qf4 43. g3 Qd2 44. Nxd5 Qe1+ 45. Kg2 e3 46. f3 Qf2+ 47. Kh3 Qf1+ 48. Kh2 Qf2+ 49. Kh3 Qf1+ 50. Kh2 Qf2+ 51. Kh3 Qf1+ 52. Kh2 1/2-1/2